 Dungeon Crawl Stone Soup version 0.25-a0-782-g655279ceaa (webtiles) character file.

Game seed: 15401236781971085816, levelgen mode: deterministic

149 tilp the Bolt Thrower (level 5, -3/29 HPs)
             Began as a Kobold Arcane Marksman on Apr 16, 2020.
             Was an Initiate of Okawaru.
             Slain by a gnoll
             ... wielding a +0 club
              (6 damage)
             ... on level 3 of the Dungeon.
             The game lasted 00:06:56 (2814 turns).

tilp the Bolt Thrower (Kobold Arcane Marksman)      Turns: 2814, Time: 00:06:57

Health: -3/29      AC:  2    Str:  9    XL:     5   Next: 56%
Magic:  0/6        EV: 15    Int: 14    God:    Okawaru [......]
Gold:   62         SH:  0    Dex: 15    Spells: 3/6 levels left

rFire    . . .     SeeInvis .   b - +0 mace
rCold    . . .     Gourm    .   (shield restricted)
rNeg     . . .     Faith    .   e - +0 robe
rPois    .         Spirit   .   (no helmet)
rElec    .         Reflect  .   (no cloak)
rCorr    .         Harm     .   (no gloves)
MR       .....                  (no boots)
Stlth    +.........             (no amulet)
HPRegen  0.09/turn              (no ring)
MPRegen  0.10/turn              (no ring)

@: very slightly contaminated
A: small, carnivore
a: Renounce Religion


You were on level 3 of the Dungeon.
You worshipped Okawaru.
Okawaru was noncommittal.
You were completely stuffed.

You visited 1 branch of the dungeon, and saw 3 of its levels.

You collected 62 gold pieces.

Inventory:

Hand Weapons
 a - a +0 hand crossbow
 b - a +0 mace (weapon)
Armour
 e - a +0 robe (worn)
Jewellery
 k - an uncursed ring of protection from cold {unknown}
Scrolls
 c - a scroll of amnesia
 g - a scroll of identify {unknown}
Potions
 i - a potion of mutation {unknown}
 j - 2 potions of curing {unknown}
Comestibles
 f - 4 rations
 h - a chunk of flesh


   Skills:
 - Level 1.1 Fighting
 + Level 6.4 Crossbows
 - Level 2.4 Dodging
 - Level 1.1 Spellcasting
 - Level 3.0 Hexes


You had 3 spell levels left.
You knew the following spells:

 Your Spells              Type           Power        Failure   Level  Hunger
a - Corona                Hex            #......      8%          1    ##.....
b - Slow                  Hex            #.......     12%         2    ###....

Your spell library contained the following spells:

 Spells                   Type           Power        Failure   Level  Hunger
 Magic Dart               Conj           #...         26%         1    ##.....
 Blink                    Tloc           N/A          36%         2    ###....
 Call Imp                 Summ           #.......     36%         2    ###....
 Inner Flame              Hex/Fire       #.......     38%         3    ####...
 Portal Projectile        Hex/Tloc       #.....       38%         3    ####...
 Conjure Flame            Conj/Fire      #.......     61%         3    ####...
 Mephitic Cloud           Conj/Pois/Air  #.......     61%         3    ####...
 Cause Fear               Hex            #.........   58%         4    #####..
 Leda's Liquefaction      Hex/Erth       #.........   80%         4    #####..


Dungeon Overview and Level Annotations

Branches:
Dungeon (3/15)

Altars:
Ashenzari
Makhleb
Okawaru
Vehumet

Annotations:
D:3 Sigmund


Innate Abilities, Weirdness & Mutations

You are small and have problems with some larger weapons.
You are carnivorous and can eat meat at any time.


Message History

You are very lightly contaminated with residual magic.
Nothing appears to happen.
Casting: Corona (safe; 8% risk of failure)
Confirm with . or Enter, or press ? or * to list all spells.
Aiming: Corona (safe; 8% risk of failure)
Press: ? - help, Shift-Dir - straight line, f/p - gnoll
Aim: a gnoll, wielding a +0 club (chance to defeat MR: 52%)
The gnoll is outlined in light.
You completely miss the gnoll. The gnoll hits you with a +0 club.
* * * LOW HITPOINT WARNING * * *
The gnoll hits you with a +0 club.
* * * LOW HITPOINT WARNING * * *
You hit the gnoll.
The gnoll is heavily wounded.
The gnoll hits you with a +0 club.
* * * LOW HITPOINT WARNING * * *
You hit the gnoll.
The gnoll is almost dead.
The gnoll hits you with a +0 club.
You die...

...............#
..............#
###..........#
#..).......#
#....>.....#
###+#####..........#
.........(.........#
...................#
.......((......g@..#
..(...(((....รท.).).#
.........###########
.........# .........#
.........# .........#
..####### g.


You could see a gnoll.

Vanquished Creatures
  A hound (D:2)
  3 gnolls (D:3)
  3 adders
  A worm (D:2)
  3 dart slugs
  3 leopard geckos
  6 bats
  A giant cockroach (D:2)
  2 goblins
  3 hobgoblins
  9 jackals (D:1)
  3 quokkas
  A ball python (D:2)
  4 frilled lizards
  5 kobolds
  4 rats
52 creatures vanquished.

Notes
Turn   | Place    | Note
-------+----------+-------------------------------------------
     0 | D:1      | tilp the Kobold Arcane Marksman began the quest for the
                  | Orb.
     0 | D:1      | Reached XP level 1. HP: 12/12 MP: 2/2
   106 | D:1      | Reached skill level 3 in Crossbows
   106 | D:1      | Reached XP level 2. HP: 16/16 MP: 3/3
   118 | D:1      | Learned a level 2 spell: Slow
   539 | D:1      | Reached skill level 4 in Crossbows
   539 | D:1      | Reached XP level 3. HP: 11/20 MP: 4/4
  1315 | D:2      | Found a radiant altar of Vehumet.
  1340 | D:2      | Found a shattered altar of Ashenzari.
  1415 | D:2      | Found an iron altar of Okawaru.
  1428 | D:2      | Became a worshipper of Warmaster Okawaru
  1454 | D:2      | Reached skill level 5 in Crossbows
  1454 | D:2      | Reached XP level 4. HP: 25/25 MP: 1/5
  2070 | D:2      | Found a burning altar of Makhleb.
  2077 | D:2      | Reached XP level 5. HP: 29/29 MP: 4/6
  2588 | D:3      | Noticed Sigmund
  2755 | D:3      | Reached skill level 6 in Crossbows
  2814 | D:3      | Slain by a gnoll

Levels and vault maps discovered:
D:1:      saegor_arrival_simple_b, layout_loops_ring, minmay_lizard_pond
D:2:      layout_loops_corners, vehumet_crystals, nicolae_ashenzari_panopticon,
          makhleb_heckhound_becter, okawaru_ov_weapons_minmay
D:3:      layout_basic, chequers_serial_rivers_small_3, uniq_natasha,
          uniq_sigmund

Skill      XL: |  1  2  3  4  5 |
---------------+----------------+-----
Crossbows      | 3 4 5 6 |  6.4
Fighting       | |  1.1
Dodging        | |  2.4
Spellcasting   | |  1.1
Hexes          | |  3.0

Action                   |  1- 3 |  4- 6 || total
-------------------------+-------+-------++-------
Melee: Unarmed           |    36 |       ||    36
       Club              |     3 |       ||     3
       Mace              |       |    54 ||    54
 Fire: Hand crossbow     |    55 |    21 ||    76
 Cast: Corona            |    15 |    17 ||    32
       Slow              |     3 |     2 ||     5
  Use: Potion            |     1 |       ||     1
       Scroll            |       |     1 ||     1
  Eat: Chunk             |    11 |     5 ||    16
Armor: Robe              |     5 |     7 ||    12
       Skin              |     4 |       ||     4
Dodge: Dodged            |    56 |    43 ||    99

Table legend:
 A = Non-vault XP
 B = Vault XP
 C = Vault XP percentage of total XP
 D = Non-vault monster count
 E = Vault monster count
 F = Vault count percentage of total count
                 A         B        C        D         E       F
            +---------+---------+-------+---------+---------+-------
      Total |     168 |      45 |  21.1 |      49 |       3 |   5.8
            +---------+---------+-------+---------+---------+-------
        D:1 |      41 |       2 |   4.7 |      19 |       2 |   9.5
        D:2 |      60 |      43 |  41.7 |      20 |       1 |   4.8
        D:3 |      67 |       0 |   0.0 |      10 |       0 |   0.0
            +---------+---------+-------+---------+---------+-------
